Map: Lerilak Crest

Players

AgCl

  • Race: Protoss Protoss

Pochi - Winner!

  • Race: Terran Terran

VOD

Have the link to the VOD?

Description

Time

  • Played on: May 3, 2015, 8:40 p.m.
  • Length: 12:13
Show
View Real Time Build Order
Export as new Build Order

AgCl Protoss 

Build Orders:  

Get SALT Encoding   

  12  0:08  Probe  
  13  0:28  Pylon  
  13  0:29  Probe  
  14  0:39  Assimilator  
  14  0:46  Probe (Chrono Boost)  
  16  0:57  Probe (Chrono Boost)  
  16  1:03  Probe  
  17  1:15  Gateway, Probe  
  18  1:28  Probe  
  19  1:36  Assimilator  
  19  1:40  Probe  
  20  1:52  Probe  
  21  2:00  Pylon  
  21  2:01  Nexus  
  21  2:04  Probe  
  21  2:18  Zealot (Chrono Boost)  
  21  2:20  Cybernetics Core  
  23  2:23  Probe  
  24  2:35  Probe  
  25  2:39  Gateway  
  25  2:47  Probe  
  26  2:59  Adept (Chrono Boost)  
  26  3:05  Mothership Core (Chrono Boost)  
  28  3:06  Warp Gate (Chrono Boost)  
  28  3:10  Pylon  
  28  3:18  Stalker (Chrono Boost)  
  28  3:19  Probe (Chrono Boost)  
  23  3:50  Probe (Chrono Boost)  
  24  3:57  Probe (Chrono Boost)  
  24  4:02  Probe (Chrono Boost), Stargate  
  26  4:08  Probe (Chrono Boost)  
  27  4:12  Probe (Chrono Boost)  
  27  4:15  Probe (Chrono Boost)  
  29  4:22  Probe (Chrono Boost)  
  30  4:25  Probe (Chrono Boost)  
  31  4:35  Probe (Chrono Boost)  
  31  4:37  Probe (Chrono Boost)  
  33  4:39  Adept (Chrono Boost)  
  33  4:43  Probe  
  36  4:45  Probe  
  37  4:55  Probe  
  36  5:05  Probe  
  37  5:08  Probe  
  37  5:09  Oracle (Chrono Boost)  
  39  5:16  Assimilator  
  39  5:20  Probe x2 (Chrono Boost), Assimilator  
  39  5:31  Probe (Chrono Boost), Twilight Council  
  39  5:33  Probe (Chrono Boost)  
  41  5:37  Pylon  
  41  5:41  Probe (Chrono Boost)  
  43  5:42  Probe (Chrono Boost)  
  43  5:47  Probe (Chrono Boost)  
  43  5:49  Probe  
  43  5:58  Probe (Chrono Boost)  
  43  6:04  Probe (Chrono Boost)  
  45  6:10  Probe (Chrono Boost), Charge (Chrono Boost)  
  43  6:15  Forge  
  43  6:18  Probe (Chrono Boost)  
  45  6:19  Probe (Chrono Boost)  
  45  6:20  Gateway  
  45  6:21  Gateway  
  45  6:25  Probe (Chrono Boost)  
  46  6:26  Pylon  
  46  6:27  Pylon  
  48  6:35  Mothership Core (Chrono Boost)  
  48  6:36  Probe (Chrono Boost)  
  49  6:41  Oracle (Chrono Boost)  
  49  6:42  Probe  
  53  6:53  Protoss Ground Weapons Level 1 (Chrono Boost)  
  53  6:55  Photon Cannon  
  53  6:59  Nexus  
  53  7:03  Probe, Pylon  
  54  7:11  Gateway  
  54  7:13  Gateway, Pylon  
  54  7:19  Pylon  
  54  7:20  Probe, Dark Shrine  
  54  7:22  Photon Cannon  
  55  7:23  Probe  
  55  7:27  Pylon  
  56  7:32  Probe  
  57  7:41  Probe  
  57  7:43  Templar Archives  
  58  7:49  Robotics Facility  
  58  7:52  Gateway  
  58  7:53  Gateway  
  58  8:04  Psionic Storm  
  58  8:07  Probe (Chrono Boost)  
  58  8:11  Probe (Chrono Boost)  
  60  8:13  Photon Cannon  
  60  8:16  Probe (Chrono Boost)  
  60  8:19  Probe (Chrono Boost), Assimilator  
  62  8:24  High Templar  
  62  8:25  High Templar x3  
  70  8:30  Pylon  
  70  8:33  Gateway  
  70  8:37  Warp Prism (Chrono Boost)  
  70  8:38  Assimilator  
  70  8:39  Pylon  
  69  8:50  Dark Templar  
  69  8:51  Zealot x3  
  69  8:52  Protoss Ground Weapons Level 2 (Chrono Boost)  
  77  8:57  Probe x2  
  79  9:03  Zealot x2  
  79  9:04  Zealot  
  79  9:06  Probe, Observer  
  87  9:11  Pylon  
  87  9:14  Probe  
  87  9:34  Stalker  
  87  9:35  Stalker x2  
  87  9:36  Stalker, Zealot x2  
  77  9:53  Stalker x2  
  77  9:58  Zealot x4  
  85  10:08  Dark Templar x2  
  85  10:09  Dark Templar x3  
  77  10:37  Forge  
  77  10:42  Probe x2  
  79  10:43  Pylon  
  79  10:44  Pylon  
  79  10:54  Probe  
  79  10:56  Nexus  
  76  11:02  Archon  
  76  11:03  Archon  
  72  11:11  Observer (Chrono Boost)  
  41  11:26  Warp Prism (Chrono Boost)  
  41  11:28  High Templar x2  
  41  11:29  High Templar x2  
  41  11:32  Probe (Chrono Boost)  
  53  11:34  Photon Cannon  
  53  11:35  Zealot  
  53  11:36  Zealot x2  
  53  11:38  Probe (Chrono Boost), Zealot  
  57  11:57  Archon  
  57  11:58  Dark Templar x2, Archon  
Show
View Real Time Build Order
Export as new Build Order

Pochi Terran - Winner!

Build Orders: MMM Bio 

Get SALT Encoding   

  12  0:02  SCV  
  13  0:14  SCV  
  14  0:19  Supply Depot  
  14  0:26  SCV  
  15  0:30  Refinery  
  15  0:45  SCV, Barracks  
  16  0:57  SCV  
  16  1:02  Supply Depot  
  17  1:09  SCV  
  18  1:14  Barracks  
  18  1:21  SCV  
  20  1:32  Reaper  
  20  1:33  SCV  
  21  1:51  Orbital Command  
  21  2:05  Reaper  
  21  2:07  Reaper  
  23  2:10  Supply Depot  
  23  2:17  SCV  
  24  2:24  Command Center  
  24  2:35  Supply Depot  
  24  2:37  Reaper  
  25  2:39  Reaper  
  26  2:47  SCV  
  27  3:06  SCV  
  27  3:08  Factory  
  27  3:09  Refinery  
  28  3:18  SCV  
  29  3:27  Reaper  
  27  3:46  Reaper  
  28  3:52  SCV  
  30  3:56  Barracks  
  30  4:02  Barracks  
  29  4:03  Supply Depot  
  29  4:09  Marine  
  29  4:18  Marine  
  29  4:20  Widow Mine  
  29  4:22  Orbital Command  
  31  4:26  Engineering Bay  
  31  4:27  Marine  
  32  4:35  SCV  
  32  4:37  Marine  
  33  4:44  Marine  
  32  4:48  SCV  
  32  4:49  SCV  
  33  4:54  Marine  
  33  4:59  Missile Turret  
  34  5:00  SCV  
  34  5:02  Marine  
  34  5:05  Widow Mine  
  36  5:07  Barracks Tech Lab  
  36  5:12  Marine  
  37  5:17  Orbital Command  
  37  5:20  Terran Infantry Weapons Level 1, Marine  
  37  5:23  Engineering Bay  
  37  5:24  SCV  
  38  5:30  Marine  
  38  5:34  Stimpack  
  39  5:36  SCV, Bunker  
  39  5:37  Barracks Reactor  
  39  5:38  Marine  
  42  5:42  SCV  
  42  5:48  SCV, Marine  
  42  5:49  Marine  
  43  5:56  SCV, Marine  
  45  6:00  SCV  
  46  6:06  Marine  
  46  6:07  Marine  
  46  6:10  SCV  
  48  6:12  SCV  
  48  6:13  Marine  
  48  6:14  Marine x2  
  48  6:17  Refinery  
  52  6:19  Missile Turret  
  52  6:22  SCV  
  52  6:23  Marine  
  52  6:25  SCV, Marine  
  56  6:26  Missile Turret  
  56  6:31  Marine  
  57  6:34  SCV  
  57  6:35  Terran Infantry Armor Level 1  
  57  6:37  Armory, Factory Reactor, SCV  
  59  6:40  Starport, Marine x2  
  59  6:42  Barracks Tech Lab  
  59  6:46  SCV  
  62  6:54  Supply Depot, SCV  
  63  6:55  Supply Depot  
  63  6:57  Supply Depot  
  63  6:59  Supply Depot, Marine  
  63  7:00  Marine  
  63  7:01  Marauder x2  
  70  7:03  Combat Shields  
  70  7:05  Barracks Tech Lab  
  70  7:06  SCV  
  70  7:15  Refinery  
  70  7:17  Supply Depot  
  70  7:22  Marauder x2  
  74  7:24  Missile Turret  
  74  7:27  Marauder  
  74  7:28  Marine x2  
  78  7:34  SCV x2  
  80  7:38  Medivac x2  
  80  7:43  Marine  
  80  7:44  Factory Tech Lab, Marauder  
  87  7:46  Marine  
  87  7:48  SCV x2  
  90  8:08  SCV x2  
  92  8:13  Command Center  
  92  8:14  Medivac x2  
  92  8:15  Marine x5  
  92  8:18  Concussive Shells  
  101  8:20  Terran Infantry Weapons Level 2  
  101  8:32  Marine  
  102  8:38  Missile Turret  
  102  8:46  SCV x2  
  102  8:47  Marine x3  
  109  8:48  Marauder  
  109  9:04  SCV x2  
  109  9:05  Marine  
  109  9:06  Marine x2, Marauder  
  109  9:09  Marine  
  117  9:10  Barracks  
  117  9:12  Barracks  
  117  9:19  Barracks  
  117  9:23  Marine x2  
  117  9:24  Marine  
  119  9:27  Marauder x2  
  124  9:33  Medivac x2  
  124  9:35  Siege Tank  
  118  10:02  Marine  
  118  10:03  Marauder x3, Marine  
  118  10:06  Medivac x2  
  107  10:21  Orbital Command  
  107  10:25  Siege Tank  
  107  10:28  Barracks Tech Lab x2  
  110  10:33  Marine x2  
  110  10:34  Barracks Tech Lab  
  113  10:36  Medivac x2  
  119  10:57  Siege Tank  
  117  11:09  Marine x2  
  117  11:10  Marine x3  
  116  11:20  Marine x3  
  111  11:27  Marine x3  
  111  11:28  Marine x2  
  111  11:29  Medivac x2  
  120  11:38  Marine x3  
  123  11:41  Orbital Command  
  123  11:45  Marine x4  
  123  11:46  SCV x2  
Tags
 
Composition
MMM Bio
Matchup
PvT
Add a new tag
Caveats
  • Supply blocks, unpowered buildings, or Contaminate may cause inaccurate times.
  • Supply counts are checked every 10 seconds.